 Dungeon Crawl Stone Soup version 0.26.0-18-gc5c842f807 (webtiles) character file.

Game seed: 304315384369584846

189 lessens the Insei (level 5, 0/33 HPs)
             Began as an Octopode Transmuter on Jan 23, 2021.
             Was a Follower of Nemelex Xobeh.
             Hit by a boomerang thrown by an orc (3 damage)
             ... on level 4 of the Dungeon.
             The game lasted 00:03:43 (4506 turns).

lessens the Insei (Octopode Transmuter)             Turns: 4506, Time: 00:03:44

Health: 0/33       AC:  1    Str: 11    XL:     5   Next: 68%
Magic:  7/8        EV: 13    Int: 15    God:    Nemelex Xobeh [*.....]
Gold:   96         SH:  0    Dex: 12    Spells: 2/8 levels left

rFire    . . .     SeeInvis .     - Unarmed
rCold    . . .     Faith    .   (no shield)
rNeg     . . .     Spirit   .   (helmet currently unavailable)
rPois    .         Reflect  .   (no amulet)
rElec    .         Harm     .   (no ring)
rCorr    .         Rampage  .   (no ring)
Will     .....                  (no ring)
Stlth    ++........             (no ring)
HPRegen  0.11/turn              (no ring)
MPRegen  0.11/turn              (no ring)
                                (no ring)
                                (no ring)

@: mighty, appendages
A: almost no armour, stealthy swim, amphibious, 8 rings, constrict 8, tentacle
spike 3, camouflage 1, gelatinous body 1
a: End Transformation, Renounce Religion, Draw Escape, Draw Destruction, Draw
Summoning


You were on level 4 of the Dungeon.
You worshipped Nemelex Xobeh.
Nemelex Xobeh was aware of your devotion.
One of your tentacles had a temporary spike.
You visited 1 branch of the dungeon, and saw 4 of its levels.

You collected 96 gold pieces.

Inventory:

Missiles
 a - 42 stones
Jewellery
 g - a +6 ring of strength {unknown}
Scrolls
 c - 2 scrolls of remove curse {unknown}
 d - 3 scrolls of amnesia {unknown}
 f - 2 scrolls of fog {unknown}
 h - 3 scrolls of magic mapping {unknown}
 k - a scroll of identify {unknown}
Potions
 b - a potion of heal wounds {unknown}
 e - a potion of might
 i - a potion of haste {unknown}
 j - 2 potions of curing {unknown}


   Skills:
 - Level 1.0 Fighting
 - Level 2.0 Dodging
 * Level 4.8 Unarmed Combat
 - Level 2.0 Spellcasting
 + Level 3.7 Transmutations
 + Level 2.0 Poison Magic


You had 2 spell levels left.
You knew the following spells:

 Your Spells              Type           Power        Failure   Level
a - Beastly Appendage     Tmut           24%          4%          1
b - Wereblood             Tmut           12%          8%          2
c - Spider Form           Tmut/Pois      5%           21%         3

Your spell library contained the following spells:

 Spells                   Type           Power        Failure   Level
 Ice Form                 Ice/Tmut       7%           71%         4
 Blade Hands              Tmut           6%           80%         5


Dungeon Overview and Level Annotations

Branches:
Dungeon (4/15)
 Temple: D:4-7

Altars:
Hepliaklqana
Nemelex Xobeh
Qazlal
Trog


Innate Abilities, Weirdness & Mutations

You cannot wear most types of armour.
You are very stealthy in the water. (Stealth+)
You are amphibious.
You can wear up to eight rings at the same time.
You can use your tentacles to constrict eight enemies at once.
Your skin changes colour to match your surroundings (Stealth+).
Your rubbery body absorbs attacks. (AC +1, EV +1)
One of your tentacles bears a large vicious spike.


Message History

Casting: Beastly Appendage (safe; 4% risk of failure)
Press: ? - help, Q - select action, (/) - cycle Dir - look around, f - activate One of your tentacles grows a vicious spike.
The orc priest calls down the wrath of Beogh upon you.
Pain shoots through your body!
The orc throws a boomerang.
The boomerang hits you!
The weapon returns to the orc!
The orc hits you.
* * * LOW HITPOINT WARNING * * *
You barely miss the orc priest. You grab the orc priest.
You constrict the orc priest. The orc priest misses you.
The orc throws a boomerang.
The boomerang misses you.
The weapon returns to the orc!
The orc hits you.
* * * LOW HITPOINT WARNING * * *
It was a potion of might.
You feel very mighty all of a sudden.
You constrict the orc priest.
The orc priest hits you with a +0 hand axe.
* * * LOW HITPOINT WARNING * * *
The orc throws a boomerang.
The boomerang hits you.
You die...
Your body glows slightly and disappears.

#.# #.# ######### #.#
#........ #.####.#
#..[...# ######.#
######### #.#
#.......#######.###...
#.#####...†..o@.$o.....
###.....o.##.....
#.#####.# #.#. #.# #.#
# #.# #.# #.# #.# #.#
#.. #.# ##


You could see an orc priest and 2 orcs.

Vanquished Creatures
  2 orc wizards
  5 adders
  2 oozes
  2 worms (D:3)
  2 dart slugs
  9 leopard geckos
  4 orcs (D:3)
  6 bats
  5 giant cockroaches
  3 goblins
  6 hobgoblins
  4 jackals (D:3)
  2 frilled lizards
  4 kobolds
  7 rats
63 creatures vanquished.

Vanquished Creatures (others)
  12 plants (D:3)
12 creatures vanquished.

Grand Total: 75 creatures vanquished

Notes
Turn   | Place    | Note
-------+----------+-------------------------------------------
     0 | D:1      | lessens the Octopode Transmuter began the quest for the
                  | Orb.
     0 | D:1      | Reached XP level 1. HP: 13/13 MP: 3/3
   380 | D:1      | Reached XP level 2. HP: 15/18 MP: 5/5
   817 | D:1      | Learned a level 2 spell: Wereblood
  1265 | D:2      | Noticed a fire elemental
  1271 | D:2      | Noticed an air elemental
  1272 | D:2      | Found a stormy altar of Qazlal.
  1275 | D:2      | Noticed a water elemental
  1278 | D:2      | Reached XP level 3. HP: 16/23 MP: 6/6
  1278 | D:2      | Found a sparkling altar of Nemelex Xobeh.
  1404 | D:2      | Became a worshipper of Nemelex Xobeh the Trickster
  1523 | D:2      | Found a bloodstained altar of Trog.
  1989 | D:2      | Noticed an earth elemental
  2248 | D:2      | Learned a level 3 spell: Spider Form
  2405 | D:3      | Reached skill level 4 in Unarmed Combat
  2405 | D:3      | Reached XP level 4. HP: 28/28 MP: 7/7
  3008 | D:3      | Reached skill level 1 in Poison Magic
  3234 | D:3      | Reached XP level 5. HP: 26/33 MP: 5/8
  3648 | D:3      | Found a hazy altar of Hepliaklqana.
  3765 | D:3      | Reached * piety under Nemelex Xobeh
  4506 | D:4      | Hit by a boomerang thrown by an orc

Illustrated notes

Levels and vault maps discovered:
D:1:      grunt_arrival_crossed_arrows, layout_loops_cross, st_stairs_4
D:2:      layout_loops_ring, nemelex_xobeh_ov_fountains_minmay,
          nicolae_qazlal_style_of_elements, bloody_trog
D:3:      layout_basic, lemuel_doored_altar, minivault_27, serial_bayou_pond_c
D:4:      layout_loops_ring, nicolae_overflow_hidden_temple, uniq_sigmund

Skill      XL: |  1  2  3  4  5 |
---------------+----------------+-----
Transmutations | 3 |  3.7
Unarmed Combat | 4 |  4.8
Poison Magic   | 1 2 |  2.0
Fighting       | |  1.0
Dodging        | |  2.0
Spellcasting   | |  2.0

Action                   |  1- 3 |  4- 6 || total
-------------------------+-------+-------++-------
Melee: Unarmed           |    77 |    73 ||   150
       Tentacles         |    18 |    11 ||    29
       Constrict         |    18 |    18 ||    36
       Kick              |       |    10 ||    10
       Punch             |       |     2 ||     2
 Cast: Beastly Appendage |     1 |     8 ||     9
       Wereblood         |       |     1 ||     1
  Use: Potion            |       |     1 ||     1
 Stab: Sleeping          |     6 |     5 ||    11
Armor: Skin              |     4 |     4 ||     8
Dodge: Dodged            |    40 |    25 ||    65
